AoeStats
← Hector

African Clearing

505249983Analyzed
2v2 RM · 24d ago on Sep 8, 2026· 64m 14s· 4 players
Game mode
Random Map
Map size
Medium (4 player)
Population
200
Speed
Normal
Resources
Standard
Victory
Conquest
Starting age
Dark Age
Ending age
Imperial Age
RankedLock teamsTeams togetherTeam positionsShared explorationLock speedFull tech treeHidden civsTurbo modeCheats
Victory
Defeat
🇧🇷 Khmer · Brazil
1502
+17
🇧🇷 Spanish · Brazil
1428
+20
🇦🇹 Bulgarians · Austria
1581
-21
🇦🇹 Koreans · Austria
1464
-16
rick rush
10:44 Loom
10:49 Loom
13:09 Feudal Age
17:47 Castle Age
25:13 Padded Archer Armor
33:57 Leather Archer Armor
35:05 Horse Collar
36:18 Bloodlines
36:12 Husbandry
41:48 Wheelbarrow
41:41 Double-Bit Axe
41:58 Heavy Plow
47:41 Imperial Age
46:24 Hand Cart
45:54 Town Watch
47:51 Elite Conquistador
49:16 Ring Archer Armor
52:00 Ballistics
52:41 Chemistry
52:27 Fletching
60:33 Hoardings
digitallimao
11:12 Feudal Age
10:40 Loom
11:56 Double-Bit Axe
19:56 Fletching
21:34 Town Watch
25:23 Castle Age
23:44 Padded Archer Armor
24:54 Bloodlines
24:50 Scale Barding Armor
28:05 Husbandry
28:41 Bow Saw
27:55 Light Cavalry
29:41 Forging
36:51 Chain Barding Armor
39:49 Wheelbarrow
43:11 Imperial Age
41:18 Wheelbarrow
44:37 Elite Skirmisher
45:24 Bodkin Arrow
48:27 Plate Barding Armor
49:46 Hand Cart
52:18 Conscription
52:01 Scale Mail Armor
53:58 Iron Casting
53:39 Cavalier
55:28 Capped Ram
57:02 Bodkin Arrow
57:12 Siege Ram
58:45 Chain Mail Armor
60:13 Blast Furnace
DeadlyEfficiency
4:34 Loom
12:36 Feudal Age
22:04 Castle Age
20:22 Double-Bit Axe
20:52 Scale Barding Armor
22:57 Light Cavalry
25:43 Husbandry
26:33 Chain Barding Armor
26:23 Forging
26:46 Town Watch
28:06 Wheelbarrow
31:21 Fletching
31:56 Horse Collar
32:24 Bodkin Arrow
36:01 Bloodlines
47:28 Bow Saw
48:50 Iron Casting
51:34 Heavy Plow
51:53 Hand Cart
57:54 Imperial Age
55:43 Padded Archer Armor
57:59 Cavalier
59:28 Plate Barding Armor
60:58 Blast Furnace
Hector
10:39 Loom
12:54 Feudal Age
17:19 Castle Age
16:00 Double-Bit Axe
19:24 Fletching
21:07 Bodkin Arrow
24:37 Elite Skirmisher
33:40 Wheelbarrow
32:55 Horse Collar
33:41 Bow Saw
35:31 Heavy Plow
36:57 Ballistics
38:07 Eupseong
43:50 Imperial Age
42:00 Husbandry
41:57 Treadmill Crane
43:31 Hand Cart
44:55 Bracer
45:32 Conscription
45:27 Gold Mining
45:27 Stone Mining
47:30 Chemistry
49:11 Pikeman
49:51 Squires
49:28 Elite Fire Lancer
50:15 Scale Mail Armor
51:59 Chain Mail Armor
53:34 Plate Mail Armor
53:17 Siege Engineers
54:23 Arrowslits
55:34 Stone Shaft Mining
54:54 Arson
55:20 Forging
57:31 Masonry
57:56 Murder Holes
58:38 Iron Casting
59:34 Pikeman
61:10 Halberdier
Connection lost

Rejoining the realm…

Still unreachable

The connection could not be restored.

Session expired

The server has moved on; the page needs a fresh start.